 Dungeon Crawl Stone Soup version 0.29-a0-962-gc8bbfd0a37 (webtiles) character file.

Game seed: 16877486712519520083

216955 zeratav the Stormcaller (level 19, 0/147 HPs)
             Began as an Octopode Venom Mage on July 30, 2022.
             Was an Initiate of Gozag.
             Killed from afar by an acid blob (29 damage)
             ... with a splash of acid
             ... on level 5 of the Pits of Slime.
             The game lasted 02:19:30 (56786 turns).

zeratav the Stormcaller (Octopode Venom Mage)      Turns: 56786, Time: 02:19:30

Health: 0/147      AC: -7    Str: 24    XL:     19   Next: 7%
Magic:  10/26      EV: 30    Int: 23    God:    Gozag
Gold:   3081       SH:  0    Dex: 12    Spells: 1/28 levels left

rFire   + + .      SeeInvis .   q - +9 whip of Odiwyel {speed, rPois rF+ Stlth+, mace}
rCold   + + .      Faith    .   (no shield)
rNeg    . . .      Spirit   .   Y - +0 hat
rPois   +          Reflect  .   (no amulet)
rElec   .          Harm     .   f - +6 ring of strength
rCorr   .          Rampage  .   k - ring of protection from cold
Will    +....                   K - +4 ring of evasion
Stlth   +++++++...              W - ring "Ziecs" {rPois Str+6}
HPRegen 0.34/turn               I - +4 ring of protection
MPRegen 0.20/turn               Q - ring of flight
                                O - ring of Spite {rF+ rC+ EV+4}
                                l - +4 ring of evasion

@: corroded, gold aura, spewing sludge, flying
A: almost no armour, amphibious, 8 rings, camouflage 1, gelatinous body 1,
nimble swimmer 1, tentacles, robust 1, screaming 1, strong 1
}: 1/15 runes: barnacled
a: Renounce Religion, Potion Petition, Call Merchant, Bribe Branch


You were on level 5 of the Pits of Slime.
You worshipped Gozag.
Gozag was most pleased with you.
You visited 7 branches of the dungeon, and saw 32 of its levels.
You visited 1 bazaar.
You also visited: Ice Cave.

You collected 10423 gold pieces.
You spent 2815 gold pieces at shops.
You paid 4527 gold pieces to Gozag.


Innate Abilities, Weirdness & Mutations

You cannot wear most types of armour.
You are amphibious.
You can wear up to eight rings at the same time.
Your skin changes colour to match your surroundings (Stealth+).
Your rubbery body absorbs attacks. (AC +1, EV +1)
You are camouflaged when in or above water. (Stealth+)
You have tentacles for arms and can constrict up to eight enemies at once.
You are robust. (+10% HP)
You occasionally shout uncontrollably at your foes.
Your muscles are strong. (Str +4, Int/Dex -1)


   Skills:
 - Level 13.0 Fighting
 - Level 13.0 Dodging
 - Level 10.0 Stealth
 - Level 5.0 Spellcasting
 - Level 8.0 Summonings
 + Level 16.1 Transmutations
 - Level 4.0 Fire Magic
 + Level 16.1 Air Magic
 - Level 3.3 Earth Magic
 - Level 14.0 Poison Magic


You had one spell level left.
You knew the following spells:

 Your Spells              Type           Power      Damage    Failure   Level
a - Eringya's Noxious Bo  Tmut/Pois      33%        N/A       3%          6
b - Poisonous Vapours     Pois/Air       100%       N/A       1%          2
c - Olgreb's Toxic Radia  Pois           63%        N/A       1%          4
d - Summon Lightning Spi  Summ/Air       57%        N/A       1%          4
e - Ignite Poison         Fire/Tmut/Pois 55%        N/A       1%          3
f - Sting                 Tmut/Pois      100%       1d8       1%          1
g - Storm Form            Tmut/Air       34%        N/A       11%         7

Your spell library contained the following spells:

 Spells                   Type           Power      Damage    Failure   Level
 Beastly Appendage        Tmut           100%       N/A       0%          1
 Magic Dart               Conj           20%        1d4       10%         1
 Necrotise                Necr           20%        1d5       10%         1
 Call Imp                 Summ           42%        N/A       1%          2
 Wereblood                Tmut           68%        N/A       1%          2
 Mephitic Cloud           Conj/Pois/Air  51%        N/A       1%          3
 Spider Form              Tmut/Pois      66%        N/A       1%          3
 Airstrike                Air            34%        0-11+     1%          4
 Petrify                  Tmut/Erth      50%        N/A       1%          4
 Blade Hands              Tmut           34%        N/A       1%          5
 Ice Form                 Ice/Tmut       42%        N/A       3%          4
 Irradiate                Conj/Tmut      21%        3d18      10%         5
 Lightning Bolt           Conj/Air       21%        1d36      10%         5
 Silence                  Hex/Air        21%        N/A       10%         5
 Conjure Flame            Conj/Fire      14%        6-21      12%         3
 Sublimation of Blood     Necr           5%         N/A       14%         2
 Summon Ice Beast         Ice/Summ       24%        N/A       19%         4
 Statue Form              Tmut/Erth      33%        N/A       26%         6
 Frozen Ramparts          Ice            10%        1d3       28%         3
 Gell's Gravitas          Tloc           5%         N/A       28%         3
 Lesser Beckoning         Tloc           5%         N/A       28%         3
 Ozocubu's Armour         Ice            5%         N/A       28%         3
 Portal Projectile        Hex/Tloc       10%        N/A       28%         3
 Teleport Other           Tloc           5%         N/A       28%         3
 Tukima's Dance           Hex            5%         N/A       28%         3
 Vampiric Draining        Necr           5%         2d6       28%         3
 Freezing Cloud           Conj/Ice/Air   15%        6-21      28%         5
 Sticky Flame             Conj/Fire      14%        2d4       38%         4
 Leda's Liquefaction      Hex/Erth       6%         N/A       43%         4
 Summon Forest            Summ/Tloc      12%        N/A       45%         5
 Lee's Rapid Deconstruct  Erth           10%        3d9*      56%         5
 Dispel Undead            Necr           5%         3d7       67%         4
 Passage of Golubria      Tloc           5%         N/A       67%         4
 Agony                    Necr           5%         N/A       95%         5
 Manifold Assault         Tloc           5%         N/A       95%         5
 Summon Hydra             Summ           21%        N/A       96%         7
 Iron Shot                Conj/Erth      6%         9d2       100%        6
 Malign Gateway           Summ/Tloc      12%        N/A       100%        7
 Ozocubu's Refrigeration  Ice            2%         4d5       100%        7
 Lehudib's Crystal Spear  Conj/Erth      6%         10d3      100%        8
 Summon Horrible Things   Summ           21%        N/A       100%        8
 Polar Vortex             Ice            2%         N/A       100%        9
 Corpse Rot               Necr/Pois/Air  Unusable   N/A       N/A         4
 Animate Armour           Summ/Erth      Unusable   N/A       N/A         4
 Animate Dead             Necr           Unusable   N/A       N/A         4
 Simulacrum               Ice/Necr       Unusable   N/A       N/A         6

Inventory:

Hand Weapons
 q - the +9 whip of Odiwyel (weapon) {speed, rPois rF+ Stlth+, mace}
   (You took it off a gnoll on level 3 of the Dungeon)

   Attacks with this weapon are significantly faster.
   rF:        It protects you from fire.
   rPois:     It protects you from poison.
   Stlth:     It makes you more stealthy.
 R - a +0 trident {polearm}
   (You took it off a merfolk siren on level 4 of the Shoals)
Armour
 S - a +0 kite shield
   (You took it off a gnoll sergeant on level 8 of the Dungeon)
 Y - a +0 hat (worn)
   (You bought it in a shop on level 14 of the Dungeon)
Magical Staves
 P - a staff of air {staff}
   (You found it on level 5 of the Lair of Beasts)
Jewellery
 f - a +6 ring of strength (left tentacle)
   (You found it on level 1 of the Dungeon)
 i - a ring of protection from cold
   (You found it on level 5 of the Dungeon)
 k - a ring of protection from cold (right tentacle)
   (You found it on level 2 of the Dungeon)
 l - a +4 ring of evasion (on tentacle)
   (You found it on level 2 of the Shoals)
 r - a +6 ring of dexterity
   (You found it on level 6 of the Dungeon)
 I - a +4 ring of protection (on tentacle)
   (You found it on level 11 of the Dungeon)
 K - a +4 ring of evasion (on tentacle)
   (You bought it in a shop on level 2 of the Orcish Mines)
 O - the ring of Spite (on tentacle) {rF+ rC+ EV+4}
   (You bought it in a shop on level 5 of the Lair of Beasts)

   [ring of evasion]

   EV:        It affects your evasion (+4).
   rF:        It protects you from fire.
   rC:        It protects you from cold.
 Q - a ring of flight (on tentacle)
   (You found it on level 5 of the Lair of Beasts)
 T - a ring of ice
   (You took it off Fannar on level 1 of the Lair of Beasts)
 W - the ring "Ziecs" (on tentacle) {rPois Str+6}
   (You found it on level 14 of the Dungeon)

   [ring of strength]

   Str:       It affects your strength (+6).
   rPois:     It protects you from poison.
 X - a ring of see invisible
   (You found it on level 14 of the Dungeon)
Wands
 j - a wand of quicksilver (15)
   (You found it on level 5 of the Dungeon)
 n - a wand of charming (32)
   (You found it on level 6 of the Dungeon)
 y - a wand of digging (25)
   (You found it on level 8 of the Dungeon)
 B - a wand of mindburst (9)
   (You found it on level 13 of the Dungeon)
 F - a wand of flame (55)
   (You found it on level 10 of the Dungeon)
 J - a wand of iceblast (15)
   (You found it on level 1 of the Lair of Beasts)
 L - a wand of polymorph (6)
   (You found it on level 2 of the Lair of Beasts)
Scrolls
 a - 2 scrolls of summoning
 c - 4 scrolls of poison {!r}
 e - 15 scrolls of teleportation {@r4}
 g - 2 scrolls of magic mapping {!r}
 h - 7 scrolls of amnesia
 v - 13 scrolls of identify {@r1}
 x - 2 scrolls of immolation {!r!r}
 A - 4 scrolls of enchant weapon
 G - 2 scrolls of fear
 H - 3 scrolls of butterflies
 U - 2 scrolls of enchant armour
Potions
 b - 4 potions of haste {@q3}
 o - a potion of cancellation
 p - 3 potions of might
 s - 3 potions of resistance
 t - 4 potions of curing {@q1}
 w - 4 potions of heal wounds {@q2}
 z - 3 potions of mutation {!q}
 D - 2 potions of invisibility
 E - 2 potions of attraction {!q}
 M - a potion of lignification {!q}
 N - a potion of berserk rage {!q}
 V - 3 potions of ambrosia
Miscellaneous
 m - a condenser vane
   (You found it on level 1 of the Shoals)
 C - a phantom mirror
   (You found it on level 9 of the Dungeon)

Dungeon Overview and Level Annotations

Branches:
Dungeon (14/15) Zot: 25430  Temple (1/1) D:7 Zot: 5659    Lair (5/5) D:11 Zot: 18625
 Shoals (4/4) Lair:2 Zot: 12299   Snake (0/4) Lair:3        Slime (5/5) Lair:5 Zot: 26052
    Orc (2/2) D:12 Zot: 7416     Elf (1/3) Orc:2 Zot: 5890  Vaults (0/5) D:13
  IceCv (visited)

Altars:
Ashenzari
Cheibriados
Dithmenos
Elyvilon
Fedhas
Gozag
Hepliaklqana
Kikubaaqudgha
Makhleb
Nemelex Xobeh
Okawaru
Qazlal
Ru
Sif Muna
Trog
Uskayaw
Vehumet
Wu Jian
Xom
Yredelemnul
Zin
The Shining One
Jiyva

Shops:
D:11 [   D:14 [[!   Orc:2 [*!*   Lair:5 *=*::   Shoals:1 !(   Shoals:2 :

Portals:
Trove: D:13 (give 6 scrolls of butterflies)

Annotations:
D:3 1 runed translucent door, Crazy Yiuf
D:6 1 transporter, Sobieck's ghost, novice DjCj
D:10 exclusion: vampire
D:11 Erica
D:12 Wowumid's ghost, journeyman MfBe
D:14 exclusions: skeletal warrior and yaktaur, Louise
Lair:2 exclusion: 2 doors
Shoals:2 Roxanne
Elf:1 !Weapon girl and Shatter mage at entrance to elven, Frances; Jorgrun

....................# $
..................J.# $
#...................##
#....................##
#.....................## $$
##.........○≈○≈≈≈≈≈≈...#
#.........≈○≈○≈≈≈○≈....#
##........≈≈○≈≈≈≈○≈......
#........<≈≈@○≈○$≈○.......
#......#...≈≈≈$≈○○○≈.......
#..#.####..○≈≈≈○≈≈≈≈J.......
##.## ##.#.≈○○○○○○J....... #
####.≈≈○≈≈$J.......
##.○≈≈≈≈≈........
#................
#................
#.................


You could see an acid blob and 3 slime creatures.


Message History

The slime creature festers in the toxic bog!
The slime creature looks as sick as possible!
The slime creature festers in the toxic bog!
The slime creature looks as sick as possible!
The rockslime festers in the toxic bog!
The rockslime looks as sick as possible!
The slime creature festers in the toxic bog!
The slime creature looks as sick as possible!
The slime creature festers in the toxic bog!
The slime creature looks as sick as possible!
The rockslime festers in the toxic bog.
The rockslime looks as sick as possible!
HP[+1] MP[+1]
Your noxious spew wanes.
Casting: Eringya's Noxious Bog (dangerous; 3% risk of failure)
Confirm with . or Enter, or press ? or * to list all spells.
You ignite the poison in your surroundings!
The slime creature seems to burn from within!!!
You kill the slime creature!
The slime creature seems to burn from within!!!!
You kill the slime creature!
The rockslime seems to burn from within!
An acid blob comes into view.
The acid blob is distracted by your dazzling golden aura.
MP[-3]
You lost 3 mp, and now have 18/26 mp.
HP[+1]
The rockslime closely misses you.
Casting: Ignite Poison (safe; 1% risk of failure)
Confirm with . or Enter, or press ? or * to list all spells.
Casting: Eringya's Noxious Bog (dangerous; 3% risk of failure)
Press: ? - help, Dir - look around, f - activate
Okay, then.
A slime creature comes into view.
The acid blob is no longer distracted by gold.
The acid blob spits acid at you. The splash of acid hits you!!
HP[-29] MP[+1]
You take 29 damage, and now have 102/147 hp.
Casting: Eringya's Noxious Bog (dangerous; 3% risk of failure)
Confirm with . or Enter, or press ? or * to list all spells.
Casting: Eringya's Noxious Bog (dangerous; 3% risk of failure)
Press: ? - help, Dir - look around, f - activate You spew toxic sludge!
The rockslime festers in the toxic bog.
The rockslime is poisoned.
The rockslime completely misses you.
The acid blob festers in the toxic bog.
The acid blob is poisoned.
The acid blob spits acid at you. The splash of acid hits you!!
The acid corrodes you!
HP[-28] MP[-6]
You take 28 damage, and now have 74/147 hp.
You lost 6 mp, and now have 13/26 mp.
The rockslime festers in the toxic bog.
The rockslime looks as sick as possible!
The acid blob festers in the toxic bog.
The acid blob is poisoned.
The acid blob spits acid at you. The splash of acid hits you!
* * * LOW HITPOINT WARNING * * *
The acid blob festers in the toxic bog!
The acid blob looks as sick as possible!
The acid blob is distracted by your dazzling golden aura.
The acid blob quivers.
HP[-12]
You take 12 damage, and now have 62/147 hp.
The acid blob is no longer distracted by gold.
The slime creature festers in the toxic bog!
The slime creature is poisoned.
The acid blob festers in the toxic bog!
The acid blob looks as sick as possible!
The acid blob spits acid at you. The splash of acid hits you!!
* * * LOW HITPOINT WARNING * * *
The acid corrodes you!
The acid blob festers in the toxic bog!
The acid blob looks as sick as possible!
An acid blob comes into view.
The rockslime festers in the toxic bog.
The rockslime looks as sick as possible!
The rockslime completely misses you.
HP[-34]
You take 34 damage, and now have 28/147 hp.
MASSIVE DAMAGE!! (PAUSE)
Casting: Eringya's Noxious Bog (dangerous; 3% risk of failure)
Confirm with . or Enter, or press ? or * to list all spells.
You ignite the poison in your surroundings!
The acid blob seems to burn from within!!!!
You kill the acid blob!
The rockslime seems to burn from within!
You kill the rockslime!
The slime creature seems to burn from within!!
The acid blob seems to burn from within!!!
A slime creature comes into view. x2
The acid blob is engulfed in blazing flames.
You kill the acid blob!
A slime creature comes into view.
The slime creature is engulfed in blazing flames.
The slime creature festers in the toxic bog!
The slime creature is poisoned.
You kill the slime creature!
The acid blob spits acid at you. The splash of acid hits you!!
You die...
Your body crumbles into a pile of gold.

Skill      XL: |  1  2  3  4  5  6  7  8  9 10 11 12 13 14 15 16 17 18 |
---------------+-------------------------------------------------------+-----
Stealth        | 3 4 5 7 10 | 10.0
Poison Magic   | 4 5 7 8 10 11 12 14 | 14.0
Fighting       | 1 5 7 9 10 11 13 | 13.0
Dodging        | 5 7 9 10 11 13 | 13.0
Spellcasting   | 4 5 |  5.0
Air Magic      | 6 8 10 12 16 | 16.1
Summonings     | 4 7 8 |  8.0
Fire Magic     | 3 4 |  4.0
Transmutations | 3 5 6 12 13 15 16 | 16.1
Earth Magic    | 3 |  3.3

Action                   |  1- 3 |  4- 6 |  7- 9 | 10-12 | 13-15 | 16-18 | 19-21 || total
-------------------------+-------+-------+-------+-------+-------+-------+-------++-------
Melee: Mace              |    21 |       |       |       |       |       |       ||    21
       Tentacles         |     9 |    12 |    23 |    49 |    88 |    48 |     1 ||   230
       Constrict         |    12 |     9 |    22 |    20 |    50 |     9 |       ||   122
       Punch             |     1 |       |     1 |     7 |     3 |     3 |       ||    15
       Dagger            |    33 |    26 |       |       |       |       |       ||    59
       Whip              |       |    22 |   118 |   189 |   295 |   134 |     3 ||   761
Throw: Boomerang         |       |     5 |       |       |       |       |       ||     5
 Cast: Sting             |     5 |    39 |    51 |    11 |     1 |     6 |       ||   113
       Poisonous Vapours |     9 |    30 |    44 |    44 |   165 |   188 |     1 ||   481
       Olgreb's Toxic Ra |       |       |    14 |    80 |    95 |    72 |     1 ||   262
       Summon Lightning  |       |       |       |    12 |    48 |    29 |       ||    89
       Ignite Poison     |       |       |       |     2 |   140 |   160 |     8 ||   310
       Eringya's Noxious |       |       |       |       |       |    17 |     7 ||    24
Invok: Call Merchant     |       |       |       |       |     5 |       |       ||     5
Evoke: Wand              |       |       |       |       |     4 |       |       ||     4
  Use: Scroll            |       |     3 |     9 |       |    13 |     3 |     1 ||    29
       Potion            |       |       |     9 |     3 |       |     9 |       ||    21
 Stab: Sleeping          |    10 |     6 |     8 |       |     9 |       |       ||    33
       Distracted        |       |       |       |     2 |     7 |     1 |       ||    10
       Betrayed ally     |       |       |       |       |     1 |       |       ||     1
Armor: Skin              |     5 |     9 |    12 |    21 |    41 |    14 |     1 ||   103
Dodge: Dodged            |    51 |    36 |    85 |   176 |   361 |   413 |    14 ||  1136

Levels and vault maps discovered:
D:1:      lightli_arrival_statuegarden, layout_basic
D:2:      layout_basic, supply_closet_lemuel
D:3:      layout_rooms, elyvilon_altar_1, grunt_dithmenos_smoke,
          hellmonk_ecumenical_altar_crossroads, uniq_crazy_yiuf_cottage
D:4:      layout_basic, makhleb_heckhound_becter
D:5:      layout_gridville, nicolae_wu_jian_wuxing_cycle,
          grunt_temple_overflow_open, gammafunk_ghost_grave,
          kennysheep_generic_room_5
D:6:      layout_cave_pods, gammafunk_temple_overflow_statue,
          gammafunk_ghost_smash, uniq_eustachio
D:7:      layout_loops_ring, mainiacjoe_overflow_two_lobes, temple_pool_b,
          minmay_mini_ossuary, uniq_duvessa
D:8:      kb_forest_paths, layout_basic, nicolae_overflow_hidden_temple,
          mainiacjoe_overflow_paths, palyth_stone_intersect,
          minmay_misc_feat_doors
D:9:      layout_long_grid, kennysheep_mini_moat, kennysheep_kite_vault
D:10:     layout_loops_corners, lemuel_doored_altar, grunt_ministairs_5,
          nicolae_looking_at_the_future
D:11:     layout_long_grid, david_lair_shrubbed, serial_shops,
          nicolae_shop_hallway_stairs, nicolae_sif_muna_little_library,
          uniq_harold, uniq_erica
D:12:     layout_big_octagon, david_orc_4, gammafunk_ghost_icy,
          trog_ov_bears_minmay, uniq_snorg
D:13:     layout_long_grid, erik_vaults_2, gauntlet_entry_generic,
          nicolae_trove_entry_isolated
D:14:     layout_roguey, minmay_misc_feat_secret_circle, serial_shops,
          nicolae_shop_waterfront, shop, nicolae_stop_n_shop_1,
          grunt_ministairs_6, uniq_nessos, uniq_louise
Temple:   nicolae_temple_godpark
Lair:1:   layout_gridlike, lemuel_another_geyser, grunt_megastairs_5,
          lemuel_fruit_fields, uniq_amaemon, uniq_urug, uniq_fannar
Lair:2:   layout_chaotic_city, minmay_shoals_entry_lonely_mermaid,
          minmay_shattered_shrine
Lair:3:   pond_and_an_island_with_a_cottage, layout_chaotic_city,
          minmay_snake_entry_guardpost_medium, grunt_megastairs_2
Lair:4:   layout_cellular_growth, st_stairs_6, nicolae_quartered_pool_little,
          lemuel_fruit_tree, grunt_megastairs_3
Lair:5:   grunt_lair_end_beastmaster, layout_cave_pods, slime_entry_1
Shoals:1: layout_shoals, serial_shops, nicolae_shop_trees, shop
Shoals:2: layout_shoals, serial_shops, shop_fountains, uniq_roxanne,
          uniq_ilsuiw, uniq_polyphemus
Shoals:3: layout_shoals
Shoals:4: shoals_end_grunt_ice, layout_shoals, shoal_ilsuiw,
          portal_ice_cave_entry_ugly_swarm
Slime:1:  layout_caves
Slime:2:  layout_caves
Slime:3:  layout_caves
Slime:4:  layout_caves
Slime:5
Orc:1:    layout_caves, nicolae_orc_stony_grotto, uniq_sonja
Orc:2:    st_orc_town, layout_caves, serial_shops, bzr_firewalk, basic_altar,
          kennysheep_orc_chapel
Elf:1:    nicolae_elf_arrival_fired_up, layout_rooms,
          hangedman_elven_crosses_minicolossus, uniq_frances, uniq_jorgrun

Notes
Turn   | Place    | Note
-------+----------+-------------------------------------------
     0 | D:1      | zeratav the Octopode Venom Mage began the quest for the
                  | Orb.
     0 | D:1      | Reached XP level 1. HP: 11/11 MP: 3/3
     0 | D:1      | magus.rc [v1.9.6]
   120 | D:1      | Reached skill level 3 in Stealth
   194 | D:1      | Reached skill level 4 in Poison Magic
   194 | D:1      | Reached XP level 2. HP: 12/17 MP: 5/5
  1041 | D:2      | Learned a level 2 spell: Poisonous Vapours
  1123 | D:2      | Reached XP level 3. HP: 18/21 MP: 6/6
  1262 | D:2      | Reached skill level 4 in Stealth
  1598 | D:3      | HP: 2/21 [gnoll/+0 flail (12)]
  2025 | D:3      | HP: 5/21 [gnoll/+0 whip (5)]
  2027 | D:3      | Reached XP level 4. HP: 7/27 MP: 0/7
  2434 | D:3      | Reached skill level 5 in Stealth
  2434 | D:3      | Reached skill level 5 in Poison Magic
  2734 | D:3      | Reached XP level 5. HP: 24/31 MP: 0/8
  2831 | D:3      | Found a runed translucent door.
  2832 | D:3      | Noticed Crazy Yiuf
  2874 | D:3      | Noticed an ogre
  3129 | D:3      | Found a white marble altar of Elyvilon.
  3135 | D:3      | Found a faded altar of an unknown god.
  3145 | D:3      | Reached skill level 6 in Poison Magic
  3382 | D:3      | Found a shadowy altar of Dithmenos.
  3406 | D:3      | Identified the +9 whip of Odiwyel {speed, rPois rF+ Stlth+}
  3873 | D:3      | Killed an ogre
  3874 | D:3      | Reached skill level 7 in Poison Magic
  3874 | D:3      | Reached XP level 6. HP: 36/36 MP: 0/9
  4622 | D:4      | Found a burning altar of Makhleb.
  4753 | D:4      | Reached skill level 8 in Poison Magic
  5084 | D:4      | Reached XP level 7. HP: 38/41 MP: 5/10
  5530 | D:4      | Reached skill level 9 in Poison Magic
  6117 | D:4      | Identified a scroll of acquirement
  6117 | D:4      | Acquired 632 gold pieces
  6147 | D:4      | Gained mutation: Your muscles are strong. (Str +4, Int/Dex
                  | -1) [potion of mutation]
  6147 | D:4      | Gained mutation: You are robust. (+10% HP) [potion of
                  | mutation]
  6173 | D:5      | Entered Level 5 of the Dungeon
  6182 | D:5      | Found an ornate altar of the Wu Jian Council.
  6305 | D:5      | Reached skill level 10 in Poison Magic
  6305 | D:5      | Reached skill level 1 in Fighting
  6637 | D:5      | Reached XP level 8. HP: 55/55 MP: 6/11
  6681 | D:5      | Learned a level 4 spell: Olgreb's Toxic Radiance
  6815 | D:5      | Found a runed translucent door.
  6816 | D:5      | Noticed jlumianski's ghost (amateur DsIE)
  6899 | D:5      | Found a snail-covered altar of Cheibriados.
  6903 | D:5      | Found a radiant altar of Vehumet.
  6963 | D:5      | Reached skill level 2 in Fighting
  6963 | D:5      | Reached skill level 3 in Dodging
  7199 | D:5      | Identified the +9 glaive of Foolhardiness {holy, Will-
                  | Str+6 Int-2 Dex+8}
  7550 | D:6      | Reached skill level 3 in Fighting
  7736 | D:6      | You pick up a book of Necromancy and begin reading...
  7736 | D:6      | You add the spells Necrotise, Vampiric Draining and Agony
                  | to your library.
  7893 | D:6      | Noticed Eustachio
  7945 | D:6      | Killed Eustachio
  7946 | D:6      | Reached skill level 4 in Dodging
  8248 | D:6      | Reached skill level 4 in Fighting
  8493 | D:6      | Found a hazy altar of Hepliaklqana.
  8494 | D:6      | Found an opulent altar of Gozag.
  8499 | D:6      | Became a worshipper of Gozag Ym Sagoz the Greedy
  8530 | D:6      | Found a transporter.
  8532 | D:6      | Noticed Sobieck's ghost (novice DjCj)
  8532 | D:6      | Identified the +5 great mace "Urepleg" {flame, *Corrode rF+
                  | Dex+4}
  8532 | D:6      | Identified the +9 great mace "Gepo Ham" {holy, Int+4}
  8532 | D:6      | Noticed a two-headed ogre
  8671 | D:7      | Found a staircase to the Ecumenical Temple.
  9053 | D:7      | Reached skill level 5 in Dodging
  9508 | D:7      | Noticed Dowan
  9513 | D:7      | Noticed Duvessa
  9550 | D:7      | HP: 6/59 [Duvessa/+0 rapier (12)]
  9597 | D:7      | Killed Duvessa
  9598 | D:7      | Reached skill level 5 in Fighting
  9598 | D:7      | Reached XP level 9. HP: 14/67 MP: 1/12
  9608 | Temple   | Entered the Ecumenical Temple
  9967 | D:7      | Killed Dowan
 10225 | D:7      | Found a shimmering altar of Xom.
 10258 | D:7      | Found a hide-covered altar of Uskayaw.
 10369 | D:7      | Reached skill level 6 in Dodging
 10451 | D:8      | You add the spells Portal Projectile, Gell's Gravitas,
                  | Manifold Assault and Malign Gateway to your library.
 10451 | D:8      | Got the Monograph on Orientation
 10863 | D:8      | Reached skill level 6 in Fighting
 11001 | D:8      | Reached skill level 7 in Dodging
 11138 | D:8      | Reached skill level 7 in Fighting
 11274 | D:8      | Reached skill level 3 in Spellcasting
 11535 | D:8      | Found a glowing silver altar of Zin.
 11576 | D:8      | Reached skill level 4 in Spellcasting
 11657 | D:8      | Found a broken altar of Ashenzari.
 11849 | D:8      | Reached XP level 10. HP: 67/78 MP: 7/17
 11863 | D:8      | Reached skill level 5 in Spellcasting
 11958 | D:8      | You pick up a book of Weapons and begin reading...
 11958 | D:8      | You add the spells Tukima's Dance and Blade Hands to your
                  | library.
 12004 | D:8      | Noticed a two-headed ogre
 12011 | D:8      | Reached skill level 6 in Stealth
 12012 | D:8      | Reached skill level 7 in Stealth
 12026 | D:8      | Killed a two-headed ogre
 12794 | D:9      | Reached skill level 8 in Fighting
 12794 | D:9      | Reached skill level 8 in Dodging
 13078 | D:9      | Reached skill level 9 in Fighting
 13078 | D:9      | Reached skill level 9 in Dodging
 13262 | D:9      | Noticed a kobold demonologist
 13270 | D:9      | Reached XP level 11. HP: 53/88 MP: 1/18
 13565 | D:9      | You pick up a book of Storms and begin reading...
 13565 | D:9      | You add the spells Airstrike, Summon Lightning Spire and
                  | Lightning Bolt to your library.
 13845 | D:9      | Identified the +5 spear of Skirmishing {freeze, rF+}
 13920 | D:9      | Found a blossoming altar of Fedhas.
 13938 | D:9      | You pick up a book of Rime and begin reading...
 13938 | D:9      | You add the spells Frozen Ramparts, Ice Form and Summon Ice
                  | Beast to your library.
 14182 | D:9      | Reached skill level 1 in Air Magic
 14392 | D:10     | Entered Level 10 of the Dungeon
 14409 | D:10     | Reached skill level 10 in Fighting
 14409 | D:10     | Reached skill level 10 in Dodging
 14410 | D:10     | Reached skill level 2 in Air Magic
 14416 | D:10     | Reached skill level 3 in Air Magic
 15038 | D:10     | Noticed a two-headed ogre
 15179 | D:10     | Killed a two-headed ogre
 15180 | D:10     | Reached skill level 1 in Summonings
 15180 | D:10     | Reached skill level 4 in Air Magic
 15362 | D:10     | Reached skill level 2 in Summonings
 15644 | D:10     | Found a shimmering blue altar of Sif Muna.
 16285 | D:11     | Noticed Erica
 16371 | D:11     | Reached skill level 3 in Summonings
 16371 | D:11     | Reached skill level 5 in Air Magic
 16654 | D:11     | Noticed a two-headed ogre
 16703 | D:11     | Killed a two-headed ogre
 16704 | D:11     | Reached skill level 4 in Summonings
 16773 | D:11     | Noticed a two-headed ogre
 16785 | D:11     | Reached skill level 6 in Air Magic
 16793 | D:11     | Killed a two-headed ogre
 16794 | D:11     | Reached XP level 12. HP: 95/95 MP: 1/19
 16926 | D:11     | You add the spells Ozocubu's Armour and Ozocubu's
                  | Refrigeration to your library.
 16974 | D:11     | Reached skill level 5 in Summonings
 17062 | D:11     | Found Gape Kae's Antique Armour Shoppe.
 17327 | D:11     | Found a staircase to the Lair.
 17501 | D:11     | Noticed Harold
 17595 | D:11     | Found a shimmering blue altar of Sif Muna.
 17738 | D:12     | Found a bloodstained altar of Trog.
 17750 | D:12     | Reached skill level 7 in Air Magic
 17889 | D:12     | Noticed a two-headed ogre
 17890 | D:12     | Found a runed translucent gate.
 18067 | D:12     | Killed a two-headed ogre
 18068 | D:12     | Reached skill level 6 in Summonings
 18233 | D:12     | Noticed a two-headed ogre
 18400 | D:12     | Found a runed translucent gate.
 18400 | D:12     | Found a runed translucent gate.
 18405 | D:12     | Noticed a two-headed ogre
 18406 | D:12     | You pick up a book of Alchemy and begin reading...
 18406 | D:12     | You add the spells Sublimation of Blood, Petrify and
                  | Irradiate to your library.
 18426 | D:12     | Killed a two-headed ogre
 18551 | D:12     | Reached skill level 8 in Air Magic
 18635 | D:12     | Noticed Snorg
 18680 | D:12     | Noticed a six-headed hydra
 18717 | D:12     | Killed a two-headed ogre
 18718 | D:12     | Reached skill level 7 in Summonings
 18807 | Lair:1   | Entered Level 1 of the Lair of Beasts
 18817 | Lair:1   | Learned a level 4 spell: Summon Lightning Spire
 19121 | Lair:1   | Noticed Fannar
 19228 | Lair:1   | Noticed Amaemon
 19757 | Lair:1   | Noticed Urug
 20070 | Lair:2   | You add the spells Conjure Flame, Ignite Poison and Sticky
                  | Flame to your library.
 20127 | Lair:2   | Learned a level 3 spell: Ignite Poison
 20142 | Lair:2   | Reached skill level 1 in Fire Magic
 20146 | Lair:2   | Reached skill level 2 in Transmutations
 20153 | Lair:2   | Reached skill level 2 in Fire Magic
 20606 | Lair:2   | Reached skill level 3 in Transmutations
 20725 | Lair:2   | Reached skill level 3 in Fire Magic
 20982 | Lair:2   | Noticed a five-headed hydra
 20982 | Lair:2   | Noticed a death yak
 21030 | Lair:2   | Noticed a six-headed hydra
 21042 | Lair:2   | Reached XP level 13. HP: 101/101 MP: 15/20
 21190 | Lair:2   | Reached skill level 4 in Transmutations
 21195 | Lair:2   | Reached skill level 4 in Fire Magic
 21505 | Lair:2   | Reached skill level 5 in Transmutations
 21550 | Lair:2   | Found a staircase to the Shoals.
 21731 | Lair:3   | Reached skill level 9 in Air Magic
 21734 | Lair:3   | Reached skill level 8 in Summonings
 22238 | Lair:3   | Reached skill level 10 in Air Magic
 22772 | Lair:3   | Reached skill level 8 in Stealth
 22909 | Lair:3   | You pick up a book of Changes and begin reading...
 22909 | Lair:3   | You add the spells Beastly Appendage, Wereblood and Spider
                  | Form to your library.
 23158 | Lair:3   | Found a staircase to the Snake Pit.
 23729 | Lair:3   | Reached skill level 9 in Stealth
 24324 | Lair:4   | You fall into a shaft and drop 1 floor!
 24324 | Lair:5   | Entered Level 5 of the Lair of Beasts
 24340 | Lair:5   | Found a staircase to the Slime Pits.
 24583 | Lair:4   | Reached skill level 11 in Dodging
 24669 | Lair:4   | Reached skill level 11 in Fighting
 25052 | Lair:4   | Identified the +2 morningstar "Baseuhud" {antimagic, Dex+4}
 25674 | Lair:5   | Reached skill level 10 in Stealth
 25674 | Lair:5   | Reached XP level 14. HP: 94/111 MP: 5/21
 26575 | Lair:5   | Reached skill level 12 in Fighting
 26575 | Lair:5   | Reached skill level 12 in Dodging
 26710 | Lair:5   | You pick up a book of Displacement and begin reading...
 26710 | Lair:5   | You add the spells Lesser Beckoning and Teleport Other to
                  | your library.
 27700 | Lair:5   | Noticed a dire elephant
 27734 | Lair:5   | Killed a dire elephant
 28370 | Lair:5   | You add the spells Summon Forest, Eringya's Noxious Bog and
                  | Summon Hydra to your library.
 28372 | Lair:5   | You pick up a book of Minor Magic and begin reading...
 28372 | Lair:5   | You add the spells Magic Dart and Call Imp to your library.
 28376 | Lair:5   | You pick up a book of Necromancy and begin reading...
 28494 | Lair:5   | Reached skill level 13 in Fighting
 28494 | Lair:5   | Reached skill level 13 in Dodging
 28914 | Lair:5   | Found a viscous altar of Jiyva.
 29309 | Lair:5   | Bought a scroll of identify for 30 gold pieces
 29309 | Lair:5   | Bought a scroll of identify for 30 gold pieces
 29852 | D:5      | Killed jlumianski's ghost
 30279 | D:3      | Found a shadowy altar of Dithmenos.
 30321 | D:3      | Found a white marble altar of Elyvilon.
 30466 | D:3      | Found a faded altar of an unknown god.
 30777 | D:3      | Found a runed translucent door.
 31165 | D:11     | Killed Harold
 31416 | D:12     | Killed Snorg
 31547 | D:12     | Reached skill level 6 in Transmutations
 31994 | D:12     | Found a staircase to the Orcish Mines.
 32116 | Orc:1    | Entered Level 1 of the Orcish Mines
 32116 | Orc:1    | Noticed Sonja
 32119 | Orc:1    | Killed Sonja
 32120 | Orc:1    | Reached skill level 11 in Poison Magic
 32222 | Orc:1    | Reached XP level 15. HP: 80/117 MP: 10/22
 32836 | Orc:2    | Entered Level 2 of the Orcish Mines
 32878 | Orc:2    | Found a flickering gateway to a bazaar.
 32896 | Bazaar   | Entered a bazaar
 32896 | Bazaar   | Found Ludiamn's Antique Weapon Shop.
 32896 | Bazaar   | Found Parhosh's Distillery.
 33028 | Bazaar   | Found Huqe's Antique Armour Shop.
 33049 | Bazaar   | Bought a potion of mutation for 64 gold pieces
 33049 | Bazaar   | Bought a potion of might for 32 gold pieces
 33049 | Bazaar   | Bought a potion of haste for 80 gold pieces
 33049 | Bazaar   | Bought a potion of brilliance for 32 gold pieces
 33049 | Bazaar   | Bought a potion of experience for 400 gold pieces
 33330 | Orc:2    | Reached skill level 7 in Transmutations
 33745 | Orc:2    | Found Kosmoes's Armour Shop.
 33981 | Orc:2    | Found Bopoihes's Assorted Antiques.
 34168 | Orc:2    | Bought a pearl ring for 120 gold pieces
 34279 | Orc:2    | Reached skill level 12 in Poison Magic
 34491 | Orc:2    | Reached skill level 8 in Transmutations
 34761 | Orc:2    | Found Cikkog's Distillery.
 34761 | Orc:2    | Found Exzamn Farph's General Store.
 35072 | Orc:2    | Found a staircase to the Elven Halls.
 36106 | Lair:5   | Bought the ring of Spite {rF+ rC+ EV+4} for 855 gold pieces
 36111 | Lair:5   | Bought a book of the Earth for 576 gold pieces
 36111 | Lair:5   | You pick up a book of the Earth and begin reading...
 36111 | Lair:5   | You add the spells Leda's Liquefaction, Lee's Rapid
                  | Deconstruction and Statue Form to your library.
 36440 | Lair:1   | Killed Fannar
 36441 | Lair:1   | Reached skill level 9 in Transmutations
 36520 | Lair:1   | Killed Urug
 36525 | Lair:1   | Killed Amaemon
 36806 | D:12     | Noticed Wowumid's ghost (journeyman MfBe)
 37141 | D:13     | Found a gate to the Vaults.
 37150 | D:13     | Reached skill level 10 in Transmutations
 37485 | D:13     | You pick up a book of Iron and begin reading...
 37626 | D:13     | Found a portal to a secret trove of treasure.
 37637 | D:13     | This trove needs 6 scrolls of butterflies to function. Give
                  | it the items?
 37689 | D:13     | Found the +3 salamander hide armour {Flames rF++ rC--}
 37706 | D:13     | Reached skill level 11 in Transmutations
 38134 | D:13     | Learned a level 6 spell: Eringya's Noxious Bog
 38218 | D:14     | Identified the +1 tower shield of Shadows and Fog {Will+
                  | Str-2 Int+3}
 38218 | D:14     | Noticed Louise
 38218 | D:14     | Found Wiluatyu's Armour Boutique.
 38510 | D:14     | Identified the ring "Ziecs" {rPois Str+6}
 38566 | D:14     | Found Kumoelul's Distillery.
 38966 | D:14     | You pick up a book of Vapours and begin reading...
 39037 | D:14     | Found Nemer's Antique Armour Emporium.
 39045 | D:14     | Bought a hat for 84 gold pieces
 39573 | Elf:1    | Entered Level 1 of the Elven Halls
 39662 | Elf:1    | Noticed Jorgrun
 39663 | Elf:1    | Paralysed by an air elemental for 1 turns
 39663 | Elf:1    | Noticed Frances
 39669 | Elf:1    | Reached skill level 12 in Transmutations
 39677 | Elf:1    | Paralysed by an air elemental for 1 turns
 39678 | Elf:1    | HP: 27/121 [air elemental/stunning burst (13)]
 40821 | Shoals:1 | Entered Level 1 of the Shoals
 40821 | Shoals:1 | Found Tenges's Antique Weapon Shoppe.
 40887 | Shoals:1 | Found Hoch's Distillery.
 40961 | Shoals:1 | Reached XP level 16. HP: 128/128 MP: 14/23
 41046 | Shoals:1 | Reached skill level 13 in Transmutations
 41046 | Shoals:1 | Reached XP level 17. HP: 134/134 MP: 24/24
 41338 | Shoals:1 | Reached skill level 14 in Transmutations
 43029 | Shoals:2 | Noticed Ilsuiw
 43120 | Shoals:2 | Killed Ilsuiw
 43121 | Shoals:2 | Reached skill level 15 in Transmutations
 43121 | Shoals:2 | Reached skill level 1 in Earth Magic
 43418 | Shoals:2 | Reached skill level 2 in Earth Magic
 44240 | Shoals:2 | You pick up a book of Ice and begin reading...
 44240 | Shoals:2 | You add the spells Freezing Cloud and Polar Vortex to your
                  | library.
 44280 | Shoals:2 | Reached skill level 3 in Earth Magic
 44558 | Shoals:2 | Found Sixu's Book Emporium.
 44591 | Shoals:2 | Bought the Secrets of the Gastropod for 512 gold pieces
 44761 | Shoals:2 | Noticed Roxanne
 45033 | Shoals:2 | Noticed Polyphemus
 45047 | Shoals:2 | Killed Polyphemus
 45423 | Shoals:2 | Reached skill level 13 in Poison Magic
 46647 | Shoals:3 | Reached skill level 11 in Air Magic
 47572 | Shoals:3 | Reached skill level 14 in Poison Magic
 47906 | Shoals:3 | You pick up a book of the Moon and begin reading...
 47906 | Shoals:3 | You add the spells Passage of Golubria, Silence and
                  | Lehudib's Crystal Spear to your library.
 48251 | Shoals:3 | Noticed a kraken
 48653 | Shoals:4 | Entered Level 4 of the Shoals
 48695 | Shoals:4 | Reached skill level 12 in Air Magic
 49018 | Shoals:4 | Found a frozen archway.
 49025 | Shoals:4 | Reached XP level 18. HP: 140/140 MP: 10/25
 49054 | IceCv    | Entered an ice cave
 49241 | IceCv    | HP: 28/140 [spriggan defender simulacrum (9)]
 49242 | IceCv    | HP: 12/140 [spriggan defender simulacrum (10)]
 49612 | Shoals:4 | Reached skill level 13 in Air Magic
 50068 | Shoals:4 | You pick up a book of the Moon and begin reading...
 51285 | Shoals:3 | Reached skill level 14 in Air Magic
 51627 | Shoals:4 | You add the spells Dispel Undead and Summon Horrible Things
                  | to your library.
 51627 | Shoals:4 | Got the Precepts of the Escort and Shadows
 52231 | Shoals:4 | Got a barnacled rune of Zot
 52713 | Shoals:1 | Learned a level 7 spell: Storm Form
 52838 | Slime:1  | Entered Level 1 of the Pits of Slime
 52907 | Slime:1  | Reached skill level 15 in Air Magic
 53110 | Slime:2  | HP: 31/140 [acid blob/splash of acid (29)]
 53787 | Slime:2  | Gained mutation: You occasionally shout uncontrollably at
                  | your foes. [a shining eye]
 54989 | Slime:4  | Reached skill level 16 in Transmutations
 55199 | Slime:4  | Reached skill level 16 in Air Magic
 55199 | Slime:4  | Reached XP level 19. HP: 122/147 MP: 17/26
 56004 | Slime:5  | Entered Level 5 of the Pits of Slime
 56233 | Slime:5  | HP: 20/147 [acid blob/splash of acid (20)]
 56235 | Slime:5  | HP: 1/147 [acid blob/splash of acid (19)]
 56785 | Slime:5  | HP: 28/147 [acid blob/splash of acid (34)]
 56786 | Slime:5  | Killed from afar by an acid blob

Vanquished Creatures
  10 acid blobs
  Polyphemus (Shoals:2)
  5 rockslimes
  Ilsuiw (Shoals:2)
  4 azure jellies
  A frost giant (Shoals:4)
  A very ugly thing (Shoals:4)
  4 quicksilver oozes
  A dire elephant (Lair:5)
  5 merfolk javelineers
  Snorg (D:12)
  8 merfolk impalers
  Harold (D:11)
  Fannar (Lair:1)
  8 vault guards (D:13)
  2 boulder beetles
  9 two-headed ogres
  2 alligator snapping turtles
  4 catoblepae
  11 merfolk aquamancers
  4 centaur warriors
  4 merfolk avatars
  A deep troll shaman (Lair:5)
  13 death yaks
  An orc high priest (Orc:2)
  Urug (Lair:1)
  Sonja (Orc:1)
  A satyr (Shoals:4)
  Amaemon (Lair:1)
  A fire crab (Lair:5)
  10 sea snakes
  10 orc knights
  A wizard (D:14)
  A spriggan simulacrum (IceCv)
  A necromancer (Lair:3)
  6 deep elf pyromancers
  5 harpies
  2 shining eyes
  13 ugly things
  A cyclops (Shoals:3)
  An orc sorcerer (Orc:1)
  7 fauns
  18 elephants
  17 manticores
  5 black mambas
  5 water nymphs
  16 merfolk sirens
  A torpor snail (Lair:3)
  An eye of devastation (Slime:4)
  An orange demon (Lair:1)
  4 cane toads
  A kobold demonologist (D:9)
  2 rime drakes (Lair:2)
  8 komodo dragons
  5 polar bears
  A queen bee (D:10)
  8 wind drakes
  30 merfolk
  5 trolls
  46 slime creatures
  The ghost of jlumianski the Chiller, an amateur DsIE of Qazlal (D:5)
  11 dream sheep
  14 snapping turtles
  9 blink frogs
  3 shadows
  A wyvern (Lair:5)
  22 water elementals
  A centaur simulacrum (D:12)
  3 wraiths
  7 spriggans (D:8)
  Eustachio (D:6)
  A basilisk (Lair:3)
  51 yaks
  13 golden eyes
  3 steam dragons
  6 vampire mosquitoes
  7 wargs
  An acid dragon (D:13)
  13 water moccasins
  Duvessa (D:7)
  42 orc warriors
  2 sky beasts (D:8)
  2 black bears (Lair:5)
  An elephant zombie (Lair:3)
  An ice beast (D:8)
  8 ogres
  17 wolves
  11 centaurs
  A phantom (D:4)
  4 kobold brigands
  A komodo dragon zombie (Lair:3)
  13 bullfrogs
  3 gnoll sergeants
  2 scorpions
  6 wights
  Dowan (D:7)
  21 killer bees
  5 electric eels
  2 howler monkeys
  6 hounds
  2 jellies (D:5)
  A gnoll bouda (D:8)
  18 orc priests
  23 orc wizards
  A mummy (D:7)
  8 adders
  18 gnolls
  A shadow imp (D:7)
  A white imp (D:6)
  A dart slug (D:4)
  84 orcs
  7 endoplasms
  6 giant cockroaches
  10 hobgoblins
  4 jackals (D:4)
  15 kobolds
  2 quokkas
  5 ball pythons
  5 bats
  A frilled lizard (D:2)
  4 goblins
  3 kobold zombies (D:7)
  An orc zombie (D:7)
  A rat (D:1)
880 creatures vanquished.

Vanquished Creatures (collateral kills)
  4 hydras
  7 harpies
  An orc sorcerer (Orc:2)
  A water nymph (Shoals:4)
  3 rime drakes
  An ice devil (IceCv)
  5 cane toads
  A komodo dragon (Lair:2)
  2 merfolk
  A blink frog (Lair:4)
  2 water elementals
  A wyvern (Lair:1)
  2 yaks (Lair:5)
  A vampire mosquito (D:14)
  5 wargs (Orc:2)
  A minotaur simulacrum (IceCv)
  4 nagas (Lair:3)
  4 water moccasins
  An elephant zombie (Lair:3)
  3 wolves (Lair:2)
  A basilisk zombie (Lair:3)
  5 orcs (Orc:2)
56 creatures vanquished.

Vanquished Creatures (others)
  An orc wizard (Orc:2)
  4 bushes (D:12)
  24 fungi
  166 plants
  6 tentacles (Shoals:3)
201 creatures vanquished.

Grand Total: 1137 creatures vanquished

Table legend:
 A = Non-vault XP
 B = Vault XP
 C = Vault XP percentage of total XP
 D = Non-vault monster count
 E = Vault monster count
 F = Vault count percentage of total count
                 A         B        C        D         E       F
            +---------+---------+-------+---------+---------+-------
      Total |  183399 |   90932 |  33.1 |     661 |     276 |  29.5
            +---------+---------+-------+---------+---------+-------
        D:1 |      20 |       0 |   0.0 |      12 |       0 |   0.0
        D:2 |      55 |       0 |   0.0 |      18 |       0 |   0.0
        D:3 |     316 |       0 |   0.0 |      25 |       0 |   0.0
        D:4 |     485 |      43 |   8.1 |      34 |       1 |   2.9
        D:5 |     493 |     306 |  38.3 |       9 |       2 |  18.2
        D:6 |     312 |     203 |  39.4 |       5 |       1 |  16.7
        D:7 |     482 |     240 |  33.2 |      12 |       7 |  36.8
        D:8 |     689 |    3188 |  82.2 |      14 |      19 |  57.6
        D:9 |    3356 |    1945 |  36.7 |      31 |      16 |  34.0
       D:10 |    1891 |    2203 |  53.8 |      16 |      20 |  55.6
       D:11 |    4193 |    1231 |  22.7 |      14 |       2 |  12.5
       D:12 |    7461 |    2600 |  25.8 |      22 |      20 |  47.6
       D:13 |    6642 |    6994 |  51.3 |      14 |       8 |  36.4
       D:14 |    3912 |       0 |   0.0 |       8 |       0 |   0.0
     Lair:1 |    1736 |    3031 |  63.6 |       8 |       6 |  42.9
     Lair:2 |    4918 |    2088 |  29.8 |      23 |       7 |  23.3
     Lair:3 |   11619 |    2006 |  14.7 |      39 |      11 |  22.0
     Lair:4 |    3556 |    1310 |  26.9 |      14 |       2 |  12.5
     Lair:5 |   17155 |    9892 |  36.6 |      49 |      19 |  27.9
   Shoals:1 |   15178 |       0 |   0.0 |      31 |       0 |   0.0
   Shoals:2 |   16380 |    6611 |  28.8 |      34 |       8 |  19.0
   Shoals:3 |   22745 |       0 |   0.0 |      55 |       0 |   0.0
   Shoals:4 |    8360 |   29326 |  77.8 |      23 |      45 |  66.2
    Slime:1 |    7496 |       0 |   0.0 |      13 |       0 |   0.0
    Slime:2 |   16379 |       0 |   0.0 |      35 |       0 |   0.0
    Slime:3 |    2835 |       0 |   0.0 |       2 |       0 |   0.0
    Slime:4 |   13202 |       0 |   0.0 |      21 |       0 |   0.0
    Slime:5 |    4858 |    3321 |  40.6 |      10 |       3 |  23.1
      Orc:1 |    2969 |     788 |  21.0 |      32 |       1 |   3.0
      Orc:2 |    3101 |   10621 |  77.4 |      37 |      72 |  66.1
      Elf:1 |     605 |    1805 |  74.9 |       1 |       3 |  75.0
      IceCv |       0 |    1180 | 100.0 |       0 |       3 | 100.0
            +---------+---------+-------+---------+---------+-------

Illustrated notes

Table legend:
 A = Kills in this place as a percentage of kills in entire the game.
 B = Kills by you in this place as a percentage of kills by you in the entire game.
 C = Kills by friends in this place as a percentage of kills by friends in the entire game.
 D = Other kills in this place as a percentage of other kills in the entire game.
 E = Experience gained in this place as a percentage of experience gained in the entire game.
 F = Experience gained in this place divided by the number of levels of this place that you have seen.
                   A       B       C       D       E      F
               +-------+-------+-------+-------+-------+----------------------
         Total | 100.0 | 100.0 | 100.0 | 100.0 | 100.0 | 8068.6
       Dungeon |  35.2 |  37.3 |   3.6 |   0.0 |  18.0 | 3518.6
          Lair |  19.0 |  16.9 |  51.8 |   0.0 |  20.9 | 11462.2
        Shoals |  20.9 |  20.9 |  21.4 |   0.0 |  35.9 | 24650.0
    Slime Pits |   9.0 |   9.5 |   0.0 |   0.0 |  17.5 | 9618.2
  Orcish Mines |  15.2 |  14.8 |  19.6 | 100.0 |   6.4 | 8739.5
   Elven Halls |   0.4 |   0.5 |   0.0 |   0.0 |   0.9 | 2410.0
      Ice Cave |   0.3 |   0.1 |   3.6 |   0.0 |   0.4 | 1180.0
               +-------+-------+-------+-------+-------+----------------------

Table legend: (Time is in decaauts)
 A = Elapsed time spent in this place.
 B = Non-inter-level travel time spent in this place.
 C = Inter-level travel time spent in this place.
 D = Time resting spent in this place.
 E = Time spent auto-exploring this place.
 F = Levels seen in this place.
 G = Mean time per level.
                   A        B        C        D        E       F      G
               +--------+--------+--------+--------+--------+-----+--------+
         Total |  56627 |  52436 |   4191 |  22984 |  18219 |  34 | 1665.5 |
       Dungeon |  24214 |  21586 |   2628 |   6249 |  11200 |  14 | 1729.6 |
        Temple |    340 |    327 |     13 |    241 |     76 |   1 |  340.0 |
          Lair |  11374 |  10678 |    696 |   4987 |   3407 |   5 | 2274.8 |
        Shoals |  11700 |  11220 |    480 |   7026 |   1139 |   4 | 2925.0 |
    Slime Pits |   3946 |   3854 |     92 |   2333 |    844 |   5 |  789.2 |
  Orcish Mines |   4584 |   4304 |    280 |   1846 |   1512 |   2 | 2292.0 |
   Elven Halls |    109 |    109 |      0 |     56 |      0 |   1 |  109.0 |
        Bazaar |    166 |    166 |      0 |     90 |     41 |   1 |  166.0 |
      Ice Cave |    190 |    190 |      0 |    156 |      0 |   1 |  190.0 |
               +--------+--------+--------+--------+--------+-----+--------+

Top non-repeatable levels by time:
  Lair:5: 3658 daAuts
   Orc:2: 3342 daAuts
Shoals:3: 3223 daAuts
Shoals:2: 3019 daAuts
Shoals:1: 2730 daAuts
Shoals:4: 2726 daAuts
     D:3: 2641 daAuts
     D:8: 2335 daAuts
  Lair:2: 2170 daAuts
    D:11: 2102 daAuts
  Lair:3: 2060 daAuts
     D:4: 2028 daAuts
  Lair:4: 2026 daAuts
    D:10: 1941 daAuts
     D:9: 1938 daAuts
